AoeStats
← MiyamotoMusashi27

Arena

504271129Analyzed
1v1 RM · 29d ago on Sep 4, 2026· 67m 26s· 2 players
Game mode
Random Map
Map size
Tiny (2 player)
Population
200
Speed
Normal
Resources
Standard
Victory
Conquest
Starting age
Dark Age
Ending age
Imperial Age
RankedLock teamsTeams togetherTeam positionsShared explorationLock speedFull tech treeHidden civsTurbo modeCheats
Victory
Defeat
🇹🇷 Britons · Türkiye
822
+18
🇺🇸 Teutons · United States
857
-18
MiyamotoMusashi27
12:49 Feudal Age
13:15 Double-Bit Axe
15:05 Loom
17:21 Castle Age
15:06 Horse Collar
16:08 Wheelbarrow
17:47 Stone Mining
18:12 Fletching
20:19 Heavy Plow
20:19 Bodkin Arrow
20:25 Padded Archer Armor
22:38 Gold Mining
24:03 Town Watch
25:50 Gold Shaft Mining
26:54 Leather Archer Armor
26:38 Murder Holes
27:04 Ballistics
27:44 Treadmill Crane
28:20 Masonry
32:31 Imperial Age
30:57 Bow Saw
31:26 Yeomen
33:41 Hand Cart
34:29 Bracer
35:08 Town Patrol
37:24 Chemistry
37:18 Ring Archer Armor
38:22 Conscription
39:56 Husbandry
39:17 Cavalier
40:15 Warwolf
40:37 Conscription
43:39 Elite Longbowman
44:48 Forging
44:45 Scale Barding Armor
44:15 Light Cavalry
47:56 Chain Barding Armor
48:12 Iron Casting
48:20 Hoardings
49:29 Two-Man Saw
48:22 Arrowslits
49:09 Architecture
55:44 Plate Barding Armor
croryross
10:59 Feudal Age
16:27 Castle Age
15:06 Double-Bit Axe
15:05 Horse Collar
18:49 Stone Mining
19:46 Wheelbarrow
20:06 Loom
26:26 Imperial Age
24:46 Gold Mining
25:51 Heavy Plow
26:08 Bow Saw
29:14 Chemistry
28:06 Onager
30:21 Hand Cart
30:43 Town Watch
32:19 Siege Onager
34:11 Town Patrol
34:37 Fletching
37:40 Siege Engineers
39:24 Ironclad
40:03 Bombard Tower
39:58 Masonry
40:00 Elite Teutonic Knight
41:30 Scale Barding Armor
41:37 Forging
43:37 Pikeman
44:02 Gambesons
44:18 Squires
44:49 Scale Mail Armor
45:25 Iron Casting
45:22 Conscription
44:43 Halberdier
45:46 Chain Mail Armor
48:25 Ballistics
48:41 Cavalier
49:32 Bloodlines
50:08 Paladin
53:30 Chain Barding Armor
54:50 Blast Furnace
57:58 Crop Rotation
59:52 Plate Barding Armor
59:48 Plate Mail Armor
Connection lost

Rejoining the realm…

Still unreachable

The connection could not be restored.

Session expired

The server has moved on; the page needs a fresh start.